 Seeded DCSS version 0.31-a0-667-g39726597b9 (webtiles) character file.

Game seed: 8226958467842168542 (custom seed)

112 demibob the Cutter (level 5, 30/30 HPs)
             Began as a Kobold Brigand on Sept 3, 2023.
             Quit the game on level 2 of the Dungeon.
             The game lasted 00:02:10 (1694 turns).

demibob the Cutter (Kobold Brigand)                 Turns: 1694, Time: 00:02:11

Health: 30/30      AC:  3    Str:  8    XL:     5   Next: 16%
Magic:  5/5        EV: 14    Int: 13    God:
Gold:   86         SH:  0    Dex: 18    Spells: 4/4 levels left

rFire   . . .        a - +2 dagger
rCold   . . .        (no shield)
rNeg    . . .        b - +0 robe
rPois   .            (no helmet)
rElec   .            c - +0 cloak
rCorr   .            (no gloves)
SInv    .            (no boots)
Will    .....        (no amulet)
Stlth   ++++         (no ring)
HPRegen 0.25/turn    (no ring)
MPRegen 0.09/turn

%: no passive effects
@: no status effects
A: small, no large weapons, nightstalker 3
a: no special abilities


You were on level 2 of the Dungeon.
You visited 1 branch of the dungeon, and saw 3 of its levels.

You collected 86 gold pieces.


Innate Abilities, Weirdness & Mutations

You are small and have problems with some larger weapons.
You are completely attuned to the shadows.


   Skills:
 - Level 2.1 Fighting
 + Level 6.6 Short Blades
 - Level 2.1 Throwing
 - Level 1.2 Dodging
 - Level 5.3 Stealth


You had 4 spell levels left.
You didn't know any spells.
Your spell library contained the following spells:

 Spells                   Type           Power      Damage    Failure   Level
 Sandblast                Erth           0%         2d4       30%         1
 Passwall                 Tmut/Erth      0%         N/A       43%         2
 Hailstorm                Conj/Ice       0%         3d3       67%         3
 Stone Arrow              Conj/Erth      0%         3d7       67%         3
 Summon Ice Beast         Ice/Summ       0%         N/A       97%         4
 Simulacrum               Ice/Necr       0%         N/A       100%        6

Inventory:

Hand Weapons
 a - a +2 dagger (weapon)
Missiles
 d - 15 poisoned darts (quivered)
 e - 3 curare-tipped darts {=f}
Armour
 b - a +0 robe (worn)
 c - a +0 cloak (worn)
 o - a +0 helmet
Magical Staves
 i - a staff of earth {!a}
Scrolls
 h - a scroll of blinking {unknown}
 k - 2 scrolls of teleportation {unknown}
 m - a scroll of acquirement
 n - 3 scrolls of identify {unknown}
 p - 2 scrolls of amnesia {unknown}
Potions
 f - a potion of heal wounds {unknown}
 g - 3 potions of curing {unknown}
 j - a potion of lignification {unknown}
 l - a potion of mutation {unknown}

Dungeon Overview and Level Annotations

Branches:
Dungeon (3/15)

Altars:

..........##### #..#.#
..........'...###..#.#
..........###.#....#.#####
..........# #.#.#..#.....#
###...###.# #.#...######.###
..'....##.###...##...# #...#
###....#......#.##.#.# ###.#
..'....#..###.#.##.#.###
#.####
###...##..###.#.@#.#.#<#
#....# #
#...##..#...##.#.#.#.# ###.##
# #...##.........#.#.#.#####.#
###...##.###.#####.#.#.......#
##.................#.#..######
##.##....###.).......#..###
#.....#### ###########....#
...#### #)....#.# ...#
#.#####.####


There were no monsters in sight!


Message History

p - a scroll labelled GYINUJ ZOEMI You open the door.
There is an open door here.
n - 3 scrolls labelled RAHOECH ELEI (gained 1)
You open the door.
There is an open door here.
Found a stone staircase leading down.
k - 2 scrolls labelled SILELEAGOG (gained 1)
You open the door.
There is an open door here.
p - 2 scrolls labelled GYINUJ ZOEMI (gained 1)
You open the door.
There is an open door here.
There is an open door here.
There is an open door here.
There is an open door here.
You open the door.
There is an open door here.
You now have 76 gold pieces (gained 14).
You now have 86 gold pieces (gained 10).
You open the door. You open the door.
There is an open door here.
Done exploring.
Done exploring.
Done exploring.
Done exploring.
This is a scroll of acquirement!
You see here a manual of Long Blades.
Something appears at your feet!
Are you sure you want to abandon this character and quit the game? (Confirm with "yes".)

Skill      XL: |  1  2  3  4 |
---------------+-------------+-----
Short Blades   | 3 4 5 6 |  6.6
Fighting       | |  2.1
Throwing       | |  2.1
Dodging        | |  1.2
Stealth        | |  5.3

Action                     |  1- 3 |  4- 6 || total
---------------------------+-------+-------++-------
  Melee: Dagger            |    94 |   110 ||   204
         Punch             |     1 |       ||     1
    Use: Scroll            |       |     1 ||     1
   Stab: Sleeping          |     4 |     6 ||    10
         Distracted        |     1 |     1 ||     2
 Armour: Robe              |    25 |    40 ||    65
  Dodge: Dodged            |    48 |    71 ||   119

Levels and vault maps discovered:
D:1:      psy_arrival_statuary, layout_rooms
D:2:      layout_basic, uniq_robin
D:3:      layout_basic, minmay_misc_feat_tiny, corexii_leaking_fountain,
          uniq_jessica, uniq_crazy_yiuf_cottage

Notes
Turn   | Place    | Note
-------+----------+-------------------------------------------
     0 | D:1      | demibob the Kobold Brigand began the quest for the Orb.
     0 | D:1      | Reached XP level 1. HP: 12/12 MP: 1/1
    73 | D:1      | Reached skill level 3 in Short Blades
    93 | D:1      | Reached XP level 2. HP: 17/17 MP: 2/2
   120 | D:1      | Reached skill level 4 in Short Blades
   178 | D:1      | Reached XP level 3. HP: 21/21 MP: 3/3
   286 | D:1      | Reached skill level 5 in Short Blades
   733 | D:2      | Reached XP level 4. HP: 22/26 MP: 4/4
   921 | D:2      | HP: 2/26 [frozen (3)]
  1081 | D:2      | Reached skill level 6 in Short Blades
  1261 | D:2      | Noticed Robin
  1272 | D:2      | Killed Robin
  1273 | D:2      | Reached XP level 5. HP: 7/30 MP: 5/5
  1693 | D:2      | Identified 2 scrolls of acquirement
  1693 | D:2      | Acquired a manual of Long Blades
  1694 | D:2      | Quit the game

Vanquished Creatures
  Robin (D:2)
  2 adders (D:2)
  A gnoll (D:1)
  2 worms (D:2)
  5 ball pythons
  2 bats (D:1)
  4 endoplasms
  14 goblins
  6 hobgoblins
  11 jackals
  3 quokkas
  A frilled lizard (D:2)
  2 kobolds (D:1)
  8 rats
62 creatures vanquished.

Table legend: (Time is in decaauts)
 A = Elapsed time spent in this place.
 B = Non-inter-level travel time spent in this place.
 C = Inter-level travel time spent in this place.
 D = Time resting spent in this place.
 E = Time spent auto-exploring this place.
 F = Levels seen in this place.
 G = Mean time per level.
                   A        B        C        D        E       F      G
               +--------+--------+--------+--------+--------+-----+--------+
         Total |   1641 |   1616 |     25 |     74 |   1216 |   3 |  547.0 |
       Dungeon |   1641 |   1616 |     25 |     74 |   1216 |   3 |  547.0 |
               +--------+--------+--------+--------+--------+-----+--------+

Top non-repeatable levels by time:
     D:2: 1048 daAuts
     D:1: 590 daAuts
     D:3: 2 daAuts

Table legend:
 A = Non-vault XP
 B = Vault XP
 C = Vault XP percentage of total XP
 D = Non-vault monster count
 E = Vault monster count
 F = Vault count percentage of total count
                 A         B        C        D         E       F
            +---------+---------+-------+---------+---------+-------
      Total |     127 |      34 |  21.1 |      50 |      12 |  19.4
            +---------+---------+-------+---------+---------+-------
        D:1 |      56 |       0 |   0.0 |      26 |       0 |   0.0
        D:2 |      71 |      34 |  32.4 |      24 |      12 |  33.3
            +---------+---------+-------+---------+---------+-------
